 Dungeon Crawl Stone Soup version 0.31-a0-986-g5e6e4ef867 (webtiles) character file.

Game seed: 10012031151444392826

298 sammy202020 the Changeling (level 6, 23/35 HPs)
             Began as a Merfolk Shapeshifter on Nov 22, 2023.
             Quit the game on level 4 of the Dungeon.
             The game lasted 00:07:22 (3742 turns).

sammy202020 the Changeling (Merfolk Shapeshifter)   Turns: 3742, Time: 00:07:22

Health: 23/35      AC:  8    Str: 14    XL:     6   Next: 36%
Magic:  6/6        EV: 11    Int: 15    God:
Gold:   187        SH:  0    Dex: 12    Spells: 5/5 levels left

rFire   . .          .
                       - Unarmed
rCold   . . .        (shield currently unavailable)
rNeg    . . .        m - +0 ring mail
rPois   .            a - +0 helmet
rElec   .            (no cloak)
rCorr   .            o - +0 pair of gloves
SInv    .            f - +0 pair of boots
Will    .....        (no amulet)
Stlth   +            (no ring)
HPRegen 0.25/turn    (no ring)
MPRegen 0.10/turn

%: no passive effects
@: flux-form, glowing
A: glow, contaminating, reduced hp, (nimble swimmer 2), mertail, clever 1, frail
1
a: Begin Untransformation


You were on level 4 of the Dungeon.
You were something dangerously unstable.
You visited 1 branch of the dungeon, and saw 4 of its levels.

You collected 187 gold pieces.

Inventory:

Armour
 a - a +0 helmet (worn)
 f - a +0 pair of boots (worn)
 m - a +0 ring mail (worn)
 o - a +0 pair of gloves (worn)
Jewellery
 r - a ring of poison resistance
Talismans
 c - a beast talisman
 d - a flux talisman (active)
Scrolls
 k - 3 scrolls of poison
 l - 4 scrolls of teleportation
 q - a scroll of revelation
Potions
 b - a potion of lignification
 e - a potion of attraction
 g - 3 potions of curing
 i - 2 potions of enlightenment


   Skills:
 * Level 3.3 Fighting
 + Level 1.3 Armour
 + Level 3.8 Dodging
 * Level 4.7 Unarmed Combat
 * Level 5.5 Shapeshifting


You had 5 spell levels left.
You didn't know any spells.
Your spell library contained the following spells:

 Spells                   Type           Power      Damage    Failure   Level
 Apportation              Tloc           0%         N/A       50%         1
 Necrotise                Necr           0%         1d4       50%         1
 Summon Small Mammal      Summ           0%         N/A       50%         1
 Sublimation of Blood     Necr           0%         N/A       63%         2
 Petrify                  Tmut/Erth      0%         N/A       99%         4
 Irradiate                Conj/Tmut      0%         3d11      100%        5


Dungeon Overview and Level Annotations

Branches:
Dungeon (4/15)
 Temple: D:4-7

Altars:
Dithmenos


Innate Abilities, Weirdness & Mutations

You are something dangerously unstable.
You glow with magical radiation, making you easy to see and hit.
Foes you strike become dangerously contaminated with magical radiation.
Your maximum health is decreased, since you lack skill for your form.
You are incapable of wielding weapons or throwing items.
((You are very nimble when in or above water. (Stealth+, EV+, Speed+++)))
Your lower body shifts to a powerful aquatic tail in water.
Your mind is acute. (Int +4, Str/Dex -1)
You are frail. (-10% HP)


Message History

You are no longer corroded.
A hound comes into view.
The hound barks!
A hound is nearby!
You hit the hound.
The hound begins to glow.
The hound is lightly wounded.
The hound bites you. The hound bites you but does no damage.
You closely miss the hound.
The hound is lightly wounded.
The hound barely misses you.
You closely miss the hound.
The hound is lightly wounded.
The hound closely misses you.
You hit the hound.
The hound glows dangerously bright.
The hound is heavily wounded.
The hound bites you. The hound misses you.
You completely miss the hound.
The hound is heavily wounded.
The hound bites you but does no damage.
You hit the hound.
The hound shudders as magic cascades through it!!
You kill the hound!
No target in view!
No target in view!
No target in view!
Done exploring.
Done exploring.
Done exploring.
No target in view!
As you read the scroll labelled NOT BYUSCHOR HIDIJ, it crumbles to dust.
Your body is wracked with pain!
It was a scroll of torment.
As you read the scroll labelled LOGABA AMONOX, it dissolves into smoke.
It was a scroll of fog.
As you read the scroll of identify, it crumbles to dust.
n - 2 potions of mutation You feel extremely strange.
You feel frail.
You feel extremely strange.
You feel robust.
You feel frail.
You feel clever.
Are you sure you want to abandon this character and quit the game? (Confirm with "yes".)

# ### ..#######
.>......# #.#####.###
### #.#
#.....######.#
#.###.#........§§#
#..##.....######§#
.....###..# #p#
#.#....#..# #§#
...##..#..# #§#
....#..#).# #§#
#......#..# #§#
#.#....#..# #§#
#...#.....# #.#
#####..#.#######.#
#.....>#......##.####


There were no monsters in sight!

Vanquished Creatures
  A scorpion (D:4)
  2 hounds (D:4)
  A jelly (D:4)
  Jessica (D:2)
  An iguana (D:4)
  A gnoll (D:2)
  4 adders
  A worm (D:2)
  4 orcs
  3 endoplasms
  3 giant cockroaches (D:3)
  6 goblins
  7 hobgoblins
  2 jackals (D:2)
  3 kobolds
  4 quokkas
  4 ball pythons
  4 bats
  3 frilled lizards
  3 rats
58 creatures vanquished.

Notes
Turn   | Place    | Note
-------+----------+-------------------------------------------
     0 | D:1      | sammy202020 the Merfolk Shapeshifter began the quest for
                  | the Orb.
     0 | D:1      | Reached XP level 1. HP: 15/15 MP: 1/1
   254 | D:1      | Reached XP level 2. HP: 20/21 MP: 2/2
   997 | D:2      | Reached XP level 3. HP: 20/27 MP: 3/3
  1497 | D:2      | Found a shadowy altar of Dithmenos.
  1500 | D:2      | Noticed Jessica
  1509 | D:2      | Killed Jessica
  1510 | D:2      | Reached XP level 4. HP: 10/33 MP: 4/4
  2500 | D:3      | Reached XP level 5. HP: 21/39 MP: 5/5
  2856 | D:4      | Reached skill level 1 in Armour
  2856 | D:4      | Reached skill level 5 in Shapeshifting
  3186 | D:4      | Reached XP level 6. HP: 29/47 MP: 6/6
  3740 | D:4      | Gained mutation: You are frail. (-10% HP) [potion of
                  | mutation]
  3741 | D:4      | Lost mutation: You are frail. (-10% HP) [potion of
                  | mutation]
  3741 | D:4      | Gained mutation: You are frail. (-10% HP) [potion of
                  | mutation]
  3741 | D:4      | Gained mutation: Your mind is acute. (Int +4, Str/Dex -1)
                  | [potion of mutation]
  3742 | D:4      | Quit the game

Illustrated notes

Levels and vault maps discovered:
D:1:      roderic_crop_circles_arrival_small, layout_rooms,
          chequers_serial_rivers_small_b
D:2:      layout_loops_ring, basic_altar, minmay_domino_4, uniq_jessica
D:3:      layout_loops_corners, reono_crystal_passage,
          chequers_serial_rivers_small_a, st_stairs_12
D:4:      layout_basic, due_unseen_surprise

Skill      XL: |  1  2  3  4  5 |
---------------+----------------+-----
Dodging        | 3 |  3.8
Fighting       | 2 3 |  3.3
Unarmed Combat | 4 |  4.7
Armour         | 1 |  1.3
Shapeshifting  | 5 |  5.5

Action                     |  1- 3 |  4- 6 || total
---------------------------+-------+-------++-------
  Melee: Unarmed           |   116 |    87 ||   203
         Punch             |     2 |       ||     2
    Use: Scroll            |       |    13 ||    13
         Potion            |       |     2 ||     2
   Stab: Sleeping          |     1 |       ||     1
 Armour: Leather armour    |    26 |       ||    26
         Animal skin       |     3 |       ||     3
         Ring mail         |    36 |    48 ||    84
  Dodge: Dodged            |    77 |    36 ||   113
   Form: Flux              |     1 |       ||     1

Table legend: (Time is in decaauts)
 A = Elapsed time spent in this place.
 B = Non-inter-level travel time spent in this place.
 C = Inter-level travel time spent in this place.
 D = Time resting spent in this place.
 E = Time spent auto-exploring this place.
 F = Levels seen in this place.
 G = Mean time per level.
                   A        B        C        D        E       F      G
               +--------+--------+--------+--------+--------+-----+--------+
         Total |   3721 |   3595 |    126 |    267 |   2690 |   4 |  930.2 |
       Dungeon |   3721 |   3595 |    126 |    267 |   2690 |   4 |  930.2 |
               +--------+--------+--------+--------+--------+-----+--------+

Top non-repeatable levels by time:
     D:2: 1074 daAuts
     D:3: 952 daAuts
     D:4: 889 daAuts
     D:1: 805 daAuts
